 Dungeon Crawl Stone Soup version 0.22-a0-833-g8522bf8125 (webtiles) character file.

317 Htamos the Thaumaturge (level 6, -2/32 HPs)
             Began as a Deep Elf Wizard on July 25, 2018.
             Slain by an orc wizard
             ... wielding a +0 dagger
              (3 damage)
             ... on level 6 of the Dungeon.
             The game lasted 00:05:19 (3658 turns).

Htamos the Thaumaturge (Deep Elf Wizard)            Turns: 3658, Time: 00:05:20

Health: -2/32      AC:  2    Str:  6    XL:     6   Next: 20%
Magic:  14/19      EV: 13    Int: 27    God:
Gold:   126        SH:  0    Dex: 13    Spells: 20/21 levels left

rFire    . . .     SeeInvis .   g - +3 dagger
rCold    . . .     Gourm    .   (no shield)
rNeg     . . .     Faith    .   f - +0 robe
rPois    .         Spirit   .   b - +0 hat
rElec    .         Reflect  .   (no cloak)
rCorr    .         Harm     .   (no gloves)
MR       .....                  (no boots)
Stlth    ++........             (no amulet)
HPRegen  0.10/turn              (no ring)
MPRegen  0.16/turn              (no ring)

@: no status effects
A: clever 1, strong 1
a: no special abilities


You were on level 6 of the Dungeon.
You were not hungry.

You visited 1 branch of the dungeon, and saw 5 of its levels.

You collected 126 gold pieces.

Inventory:

Hand Weapons
 g - a +3 dagger (weapon)
Armour
 a - a +0 robe
 b - a +0 hat (worn)
 f - a +0 robe (worn)
 j - a +1 chain mail of fire resistance
Jewellery
 h - a +1 ring of slaying {unknown}
Wands
 e - a wand of flame (9)
Scrolls
 m - 3 scrolls of remove curse
 n - a scroll of identify
Potions
 i - a potion of might {unknown}
 l - a potion of degeneration {unknown}
 o - a potion of experience {unknown}
Comestibles
 d - 5 rations
 k - 2 chunks of flesh


   Skills:
 - Level 2.4 Dodging
 - Level 2.4 Stealth
 * Level 8.1 Spellcasting
 + Level 4.0 Conjurations
   Level 1.1 Summonings
   Level 1.1 Translocations


You had 20 spell levels left.
You knew the following spells:

 Your Spells              Type           Power        Failure   Level  Hunger
a - Magic Dart            Conj           ####         1%          1    None

Your spell library contained the following spells:

 Spells                   Type           Power        Failure   Level  Hunger
 Conjure Flame            Conj/Fire      ###.....     7%          3    None
 Slow                     Hex            ##......     8%          2    None
 Mephitic Cloud           Conj/Pois/Air  ###.....     9%          3    None
 Blink                    Tloc           N/A          4%          2    None
 Call Imp                 Summ           ###.....     4%          2    None


Dungeon Overview and Level Annotations

Branches:
Dungeon (6/15)
 Temple: D:4-7

Altars:


Innate Abilities, Weirdness & Mutations

Your mind is acute. (Int +2)
Your muscles are strong. (Str +2)


Message History

Casting: Magic Dart (safe; 1% risk of failure)
Confirm with . or Enter, or press ? or * to list all spells.
Aiming: Magic Dart (safe; 1% risk of failure)
Press: ? - help, Shift-Dir - straight line, f/p - orc wizard
Aim: an orc wizard, wielding a dagger and wearing a robe (heavily wounded, fast)
The magic dart hits the orc wizard.
The orc wizard is almost dead.
The orc wizard hits you but does no damage.
The orc wizard gestures at you while chanting.
The magic dart hits you!
* * * LOW HITPOINT WARNING * * *
Casting: Magic Dart (safe; 1% risk of failure)
Confirm with . or Enter, or press ? or * to list all spells.
Aiming: Magic Dart (safe; 1% risk of failure)
Press: ? - help, Shift-Dir - straight line, f/p - orc wizard
Aim: an orc wizard, wielding a dagger and wearing a robe (almost dead, fast)
The magic dart hits the orc wizard.
The orc wizard is almost dead.
The orc wizard hits you with a dagger.
You die...

### .. >#
##.##
.#.####...#.#
.......@....#
...####.o.#.#
...## #.###
.. ... )## ##


You could see an orc wizard.

Vanquished Creatures
  A scorpion (D:3)
  An orc wizard (D:2)
  Jessica (D:2)
  Natasha (twice) (D:3)
  Terence (D:2)
  A worker ant (D:5)
  7 adders
  A dart slug (D:2)
  3 leopard geckos
  6 orcs (D:3)
  3 bats
  4 goblins
  3 hobgoblins
  4 jackals (D:3)
  3 kobolds
  A quokka (D:5)
  2 frilled lizards
  5 rats
49 creatures vanquished.

Notes
Turn   | Place    | Note
-------+----------+-------------------------------------------
     0 | D:1      | Htamos the Deep Elf Wizard began the quest for the Orb.
     0 | D:1      | Reached XP level 1. HP: 10/10 MP: 7/7
  1033 | D:2      | Reached skill level 5 in Spellcasting
  1033 | D:2      | Reached XP level 2. HP: 15/15 MP: 6/10
  1112 | D:2      | Noticed Jessica
  1156 | D:2      | Killed Jessica
  1156 | D:2      | Reached XP level 3. HP: 3/19 MP: 0/12
  1524 | D:2      | Reached skill level 6 in Spellcasting
  1574 | D:2      | Reached XP level 4. HP: 24/24 MP: 8/14
  1653 | D:2      | Noticed Terence
  1703 | D:2      | Killed Terence
  2744 | D:3      | Reached skill level 7 in Spellcasting
  2744 | D:3      | Reached XP level 5. HP: 28/28 MP: 8/16
  3141 | D:3      | Noticed Natasha
  3319 | D:3      | Killed Natasha
  3361 | D:3      | Noticed Natasha
  3367 | D:3      | Killed Natasha
  3367 | D:3      | Reached skill level 8 in Spellcasting
  3367 | D:3      | Reached XP level 6. HP: 24/32 MP: 12/19
  3473 | D:3      | You fall through a shaft for 2 floors!
  3473 | D:5      | Entered Level 5 of the Dungeon
  3592 | D:5      | Noticed a sky beast
  3603 | D:5      | Gained mutation: Your muscles are strong. (Str +2) [potion of mutation]
  3603 | D:5      | Gained mutation: Your mind is acute. (Int +2) [potion of mutation]
  3635 | D:5      | Noticed a sky beast
  3657 | D:6      | HP: 1/32 [orc wizard/magic dart (10)]
  3658 | D:6      | Slain by an orc wizard

Vault maps used:
D:1:      ebering_trefoil_twist
D:2:      uniq_jessica, uniq_terence
D:3:      first_ration, serial_co_window_serial, co_window_corner_a,
          co_window_corner_a, co_window_paths_a, co_window_corner_a,
          co_window_paths_a, co_window_paths_a, co_window_unsneaky_path_e,
          co_window_corner_ca, co_window_unsneaky_path_d, glass_columns_b,
          glass_columns_a, glass_columns_a, uniq_natasha
D:5:      serial_shops, shop, st_stairs_11
D:6:      gammafunk_temple_overflow_claw, kennysheep_mini,
          yredelemnul_forgotten_temple_becter, minmay_temple_entry_junction_2

Skill      XL: |  1  2  3  4  5  6 |
---------------+-------------------+-----
Spellcasting   | 5 6 7 8 |  8.1
Conjurations   | 2 3 4 |  4.0
Dodging        | |  2.4
Stealth        | |  2.4
Summonings     | |  1.1
Translocations | |  1.1

Action                   |  1- 3 |  4- 6 || total
-------------------------+-------+-------++-------
Melee: Unarmed           |     4 |       ||     4
       Dagger            |       |    19 ||    19
 Cast: Magic Dart        |    42 |   139 ||   181
Evoke: Wand              |       |     4 ||     4
  Use: Potion            |     2 |     2 ||     4
       Scroll            |       |     5 ||     5
 Stab: Sleeping          |     1 |       ||     1
  Eat: Chunk             |     1 |     7 ||     8
Armor: Robe              |     2 |     5 ||     7
Dodge: Dodged            |    10 |    32 ||    42

Table legend:
 A = Spawn XP
 B = Non-spawn XP
 C = Spawn XP percentage of total XP
 D = Spawn monster count
 E = Non-spawn monster count
 F = Spawn count percentage of total count
 G = Total turns spent on level
                    A         B        C        D         E        F      G
               +---------+---------+-------+---------+---------+-------+---------
         Total |       0 |     453 |   0.0 |       0 |      49 |   0.0 |  3658
               +---------+---------+-------+---------+---------+-------+---------
           D:1 |       0 |       6 |   0.0 |       0 |       3 |   0.0 |  1242
           D:2 |       0 |     191 |   0.0 |       0 |      17 |   0.0 |  1394
           D:3 |       0 |     221 |   0.0 |       0 |      27 |   0.0 |   837
           D:5 |       0 |      35 |   0.0 |       0 |       2 |   0.0 |   180
               +---------+---------+-------+---------+---------+-------+---------
